 Dungeon Crawl Stone Soup version 0.30.1-9-gdf580d7c3d (webtiles) character file.

Game seed: 2165169182209427173

37 Wiggles the Chopper (level 3, -2/33 HPs)
             Began as a Minotaur Berserker on Sept 29, 2023.
             Was a Follower of Trog.
             Slain by lonewolfV2's ghost (11 damage)
             ... on level 3 of the Dungeon.
             The game lasted 00:02:04 (1445 turns).

Wiggles the Chopper (Minotaur Berserker)            Turns: 1445, Time: 00:02:05

Health: -2/33      AC:  6    Str: 23    XL:     3   Next: 21%
Magic:  2/2        EV: 11    Int:  4    God:    Trog [*.....]
Gold:   73         SH:  2    Dex:  9    Spells: 2/2 levels left

rFire   . . .        a - +0 hand axe
rCold   . . .        l - +0 buckler
rNeg    . . .        c - +0 ring mail
rPois   +            (helmet restricted)
rElec   .            i - +0 cloak
rCorr   .            (no gloves)
SInv    .            (no boots)
Will    .....        (no amulet) Stlth
                     f - ring of poison resistance
HPRegen 0.25/turn    (no ring)
MPRegen 0.08/turn

%: no passive effects
@: on berserk cooldown, slowed, very slow
A: horns 2, retaliatory headbutt
a: Renounce Religion, Berserk


You were on level 3 of the Dungeon.
You worshipped Trog.
Trog was aware of your devotion.
You visited 1 branch of the dungeon, and saw 3 of its levels.

You collected 73 gold pieces.

Inventory:

Hand Weapons
 a - a +0 hand axe (weapon)
Armour
 c - a +0 ring mail (worn)
 i - a +0 cloak (worn)
 l - a +0 buckler (worn)
Jewellery
 f - a ring of poison resistance (left hand)
Scrolls
 b - a scroll of enchant weapon {unknown}
 e - 4 scrolls of magic mapping {unknown}
 h - a scroll of poison {unknown}
 j - 2 scrolls of amnesia {unknown}
Potions
 d - 2 potions of haste {unknown}
 g - a potion of ambrosia {unknown}
 k - a potion of attraction {unknown}


   Skills:
 + Level 4.2 Fighting
 + Level 4.3 Axes
 + Level 3.0 Armour
 + Level 2.4 Dodging


You had 2 spell levels left.
You didn't know any spells.
Your spell library was empty.

Dungeon Overview and Level Annotations

Branches:
Dungeon (3/15)

Altars:
Vehumet

Annotations:
D:3 lonewolfV2's ghost, novice FoFi


Innate Abilities, Weirdness & Mutations

You have a pair of horns on your head.
You reflexively headbutt those who attack you in melee.


Message History

You feel yourself moving faster!
You feel mighty!
The door flies open with a bang!
You feel a strong urge to attack something.
The bullfrog gives a loud, deep croak!
You hear an angry hiss.
You hear a shout! x2
An adder comes into view.
The adder hisses angrily.
You slash lonewolfV2's ghost!
LonewolfV2's ghost is lightly damaged.
You barely miss lonewolfV2's ghost.
LonewolfV2's ghost is lightly damaged.
LonewolfV2's ghost hits you but does no damage.
You closely miss lonewolfV2's ghost.
LonewolfV2's ghost is lightly damaged.
LonewolfV2's ghost hits you! LonewolfV2's ghost burns you.
You barely miss lonewolfV2's ghost.
Your headbutt misses lonewolfV2's ghost.
LonewolfV2's ghost is lightly damaged.
You slash lonewolfV2's ghost!
LonewolfV2's ghost is moderately damaged.
LonewolfV2's ghost hits you. LonewolfV2's ghost burns you.
You hit lonewolfV2's ghost.
LonewolfV2's ghost is moderately damaged.
LonewolfV2's ghost hits you. LonewolfV2's ghost burns you.
You closely miss lonewolfV2's ghost.
LonewolfV2's ghost is moderately damaged.
LonewolfV2's ghost hits you! LonewolfV2's ghost burns you.
* * * LOW HITPOINT WARNING * * *
You slash lonewolfV2's ghost!
LonewolfV2's ghost is heavily damaged.
You slash lonewolfV2's ghost!
LonewolfV2's ghost is severely damaged.
You are no longer berserk.
You are exhausted.
You feel yourself slow down.
LonewolfV2's ghost completely misses you.
You hit lonewolfV2's ghost but do no damage.
LonewolfV2's ghost is severely damaged.
LonewolfV2's ghost hits you!
You die...

#. #....# ...
#..######..# ..
#..........####.#
.................
..........#####..
..........#
..........#######
..........#F~~~~~
.........@WwS~~$~
..........#r~~~~~
#...#############
#.#.


You could see a bullfrog, a worm, lonewolfV2's ghost, an adder and a rat.

Vanquished Creatures
  An adder (D:2)
  A worm (D:3)
  A dart slug (D:2)
  3 ball pythons
  An endoplasm (D:1)
  A giant cockroach (D:2)
  4 goblins
  3 hobgoblins
  5 bats
  A frilled lizard (D:1)
  A kobold (D:1)
  A rat (D:2)
23 creatures vanquished.

Notes
Turn   | Place    | Note
-------+----------+-------------------------------------------
     0 | D:1      | Wiggles the Minotaur Berserker began the quest for the Orb.
     0 | D:1      | Reached XP level 1. HP: 19/19 MP: 0/0
   323 | D:1      | Reached XP level 2. HP: 27/27 MP: 1/1
   925 | D:2      | Found a faded altar of an unknown god.
  1013 | D:2      | Reached XP level 3. HP: 27/33 MP: 2/2
  1403 | D:3      | Found a radiant altar of Vehumet.
  1414 | D:3      | Found a runed translucent door.
  1429 | D:3      | Noticed lonewolfV2's ghost (novice FoFi)
  1434 | D:3      | Noticed a bullfrog
  1445 | D:3      | Slain by lonewolfV2's ghost

Illustrated notes

Levels and vault maps discovered:
D:1:      saegor_arrival_simple_b, layout_loops_ring, corexii_leaking_fountain
D:2:      layout_basic, shapermc_ecumenical_altar_venn
D:3:      layout_basic, old_standard_altar, ebering_ghost_sewer_f

Skill      XL: |  1  2 |
---------------+-------+-----
Axes           | 4 |  4.3
Fighting       | 4 |  4.2
Armour         | 3 |  3.0
Dodging        | |  2.4

Action                     || total
---------------------------++-------
  Melee: Hand axe          ||    62
         Headbutt          ||     3
         Punch             ||     2
 Invoke: Berserk           ||     1
 Armour: Ring mail         ||    24
  Dodge: Dodged            ||    30
